 Dungeon Crawl Stone Soup version 0.25.1-2-g60ff931df9 (webtiles) character file.

Game seed: 1619410833363815482

3494 funkygono the Basher (level 9, -7/81 HPs)
             Began as a Minotaur Fighter on Nov 8, 2020.
             Was a Believer of Okawaru.
             Mangled by an ogre
             ... wielding a +0 giant club
              (23 damage)
             ... on level 8 of the Dungeon.
             The game lasted 00:16:50 (6949 turns).

funkygono the Basher (Minotaur Fighter)             Turns: 6949, Time: 00:16:51

Health: -7/81      AC: 16    Str: 25    XL:     9   Next: 80%
Magic:  8/8        EV:  6    Int:  5    God:    Okawaru [**....]
Gold:   435        SH: 10    Dex:  9    Spells: 8/8 levels left

rFire    . . .     SeeInvis .   a - +1 whip (freeze)
rCold    . . .     Gourm    .   c - +0 kite shield
rNeg     . . .     Faith    .   e - +0 plate armour
rPois    .         Spirit   .   (helmet restricted)
rElec    .         Reflect  .   (no cloak)
rCorr    .         Harm     .   o - +1 pair of gloves
MR       .....                  (no boots)
Stlth    ..........             E - amulet of magic regeneration
HPRegen  0.23/turn              t - ring of wizardry
MPRegen  0.36/turn              (no ring)

@: no status effects
A: retaliatory headbutt, horns 2
a: Heroism, Renounce Religion


You were on level 8 of the Dungeon.
You worshipped Okawaru.
Okawaru was pleased with you.
You were hungry.

You visited 2 branches of the dungeon, and saw 9 of its levels.

You collected 435 gold pieces.

Inventory:

Hand Weapons
 a - a +1 whip of freezing (weapon)
 A - a +1 flail
Missiles
 h - 106 bolts
 j - 220 arrows
 m - 266 stones (quivered)
 w - 14 sling bullets
Armour
 b - a +0 scale mail
 c - a +0 kite shield (worn)
 e - a +0 plate armour (worn)
 o - a +1 pair of gloves (worn)
 B - +0 swamp dragon scales
Jewellery
 t - a ring of wizardry (left hand)
 E - an amulet of magic regeneration (around neck)
Wands
 r - a wand of flame (7)
 z - a wand of iceblast (11)
Scrolls
 n - 3 scrolls of remove curse
 s - 7 scrolls of identify
 u - 2 scrolls of magic mapping
 v - a scroll of blinking
 x - 2 scrolls of fear
 y - a scroll of teleportation {unknown}
Potions
 d - 2 potions of might
 g - a potion of haste
 i - a potion of brilliance
 k - 2 potions of curing
 l - a potion of invisibility
 p - 6 potions of flight
 q - 2 potions of heal wounds
 C - 2 potions of lignification {unknown}
 D - a potion of cancellation
 F - a potion of mutation {unknown}
Comestibles
 f - 12 rations


   Skills:
 + Level 8.1 Fighting
 + Level 11.6 Maces & Flails
 + Level 9.3 Armour
 + Level 2.7 Dodging
 - Level 4.8 Shields


You had 8 spell levels left.
You didn't know any spells.
Your spell library contained the following spells:

 Spells                   Type           Power        Failure   Level  Hunger
 Shock                    Conj/Air       #...         100%        1    ##.....
 Summon Small Mammal      Summ           #...         100%        1    ##.....
 Call Imp                 Summ           #.......     100%        2    ###....
 Swiftness                Chrm/Air       #.......     100%        2    ###....
 Call Canine Familiar     Summ           #.......     100%        3    ####...
 Static Discharge         Conj/Air       #.......     100%        3    ####...
 Summon Guardian Golem    Hex/Summ       #.......     100%        3    ####...
 Airstrike                Air            #.........   100%        4    #####..
 Summon Ice Beast         Ice/Summ       #.......     100%        4    #####..
 Summon Lightning Spire   Summ/Air       #.......     100%        4    #####..
 Lightning Bolt           Conj/Air       #.........   100%        5    ######.
 Haunt                    Necr/Summ      #.........   100%        7    #######
 Borgnjor's Revivificati  Necr           #.........   100%        8    #######
 Chain Lightning          Conj/Air       #.........   100%        8    #######
 Death's Door             Chrm/Necr      #.........   100%        8    #######
 Infestation              Necr           #.........   100%        8    #######
 Lehudib's Crystal Spear  Conj/Erth      #.........   100%        8    #######
 Necromutation            Tmut/Necr      #.........   100%        8    #######
 Absolute Zero            Ice            #.........   100%        9    #######
 Fire Storm               Conj/Fire      #.........   100%        9    #######


Dungeon Overview and Level Annotations

Branches:
Dungeon (8/15)             Temple (1/1) D:4
   Lair: D:8-11

Altars:
Cheibriados
Dithmenos
Elyvilon
Fedhas
Gozag
Hepliaklqana
Kikubaaqudgha
Makhleb
Nemelex Xobeh
Okawaru
Qazlal
Ru
Sif Muna
Trog
Uskayaw
Vehumet
Wu Jian
Xom
Yredelemnul
Zin
The Shining One

Annotations:
D:7 2 transporters, Menkaure


Innate Abilities, Weirdness & Mutations

You reflexively headbutt those who attack you in melee.
You have a pair of horns on your head.


Message History

The ogre hits you with a +0 giant club! The ogre barely misses you.
You block the ogre's attack. The ogre barely misses you.
You block the ogre's attack. You block the ogre's attack.
The ogre barely misses you. The ogre hits you with a +0 giant club.
* * * LOW HITPOINT WARNING * * *
The ogre hits you with a +0 giant club.
* * * LOW HITPOINT WARNING * * *
The ogre hits you with a +0 giant club.
* * * LOW HITPOINT WARNING * * *
The ogre hits you but does no damage. The ogre barely misses you.
You block the ogre's attack. You block the ogre's attack.
You block the ogre's attack.
The ogre hits you with a +0 giant club!!
You die...

#############
#......##...## ####
............## #..#
............# #..#
...........###..#
#..........##...#
#.............#.# .
#.@.##....#####.###
..#O#..#>.........#..
...s#...#...####.....
...#...#.#....####..##
....^#........#.......##
.... #.##.....#####.....
#.# #. ##........##..##
.. .. #.....#.#.....#.
## #.#)....####....


You could see an ogre and a scorpion.

Vanquished Creatures
  Pikel (D:7)
  Maggie (D:7)
  A hippogriff (D:8)
  An ice beast (D:7)
  2 sky beasts
  A slave (D:7)
  A necrophage (D:5)
  2 centaurs (D:6)
  A big kobold (D:7)
  3 bullfrogs
  A gnoll sergeant (D:8)
  A wyvern skeleton (D:7)
  4 killer bees (D:8)
  4 howler monkeys
  A crimson imp (D:6)
  5 centaur zombies
  3 orc wizards
  A jelly (D:7)
  4 orc priests
  3 centaur skeletons
  A hound (D:6)
  Jessica (D:3)
  3 bullfrog skeletons
  2 iguanas
  Ijyb (D:3)
  Natasha (thrice) (D:3)
  8 worker ants
  A killer bee zombie (D:5)
  A hound zombie (D:5)
  A hound skeleton (D:3)
  A howler monkey zombie (D:8)
  6 gnolls
  3 worker ant zombies
  9 adders
  A shadow imp (D:7)
  2 oozes
  3 worms
  3 dart slugs
  3 leopard geckos
  17 orcs
  2 ball pythons
  6 giant cockroaches
  9 goblins
  6 hobgoblins
  5 jackals
  3 kobolds
  A quokka (D:5)
  9 bats
  3 frilled lizards
  A leopard gecko zombie (D:5)
  5 rats
161 creatures vanquished.

Vanquished Creatures (others)
  A slave (D:7)
  An ice beast (D:7)
  An iguana (D:7)
  2 kobolds (D:7)
5 creatures vanquished.

Grand Total: 166 creatures vanquished

Notes
Turn   | Place    | Note
-------+----------+-------------------------------------------
     0 | D:1      | funkygono the Minotaur Fighter began the quest for the Orb.
     0 | D:1      | Reached XP level 1. HP: 19/19 MP: 0/0
    73 | D:1      | Reached XP level 2. HP: 22/27 MP: 1/1
   145 | D:1      | You fall into a shaft and drop 1 floor!
   316 | D:1      | Reached XP level 3. HP: 31/33 MP: 2/2
   663 | D:2      | Reached skill level 3 in Maces & Flails
   864 | D:2      | Found a white marble altar of Elyvilon.
  1023 | D:2      | Reached XP level 4. HP: 41/41 MP: 3/3
  1208 | D:2      | Found a shimmering altar of Xom.
  1541 | D:3      | Noticed Natasha
  1547 | D:3      | Killed Natasha
  1547 | D:3      | Reached skill level 4 in Maces & Flails
  1547 | D:3      | Reached XP level 5. HP: 47/47 MP: 4/4
  1600 | D:3      | Found a stormy altar of Qazlal.
  1617 | D:3      | Noticed Ijyb
  1657 | D:3      | Killed Ijyb
  1829 | D:3      | Noticed Natasha
  1837 | D:3      | Killed Natasha
  1837 | D:3      | Reached skill level 1 in Dodging
  2007 | D:3      | Noticed Jessica
  2008 | D:3      | Noticed Natasha
  2030 | D:3      | Found a shimmering blue altar of Sif Muna.
  2032 | D:3      | Killed Jessica
  2340 | D:3      | Killed Natasha
  2340 | D:3      | Reached skill level 5 in Maces & Flails
  2453 | D:4      | Found a staircase to the Ecumenical Temple.
  2459 | D:4      | Reached XP level 6. HP: 53/53 MP: 5/5
  2468 | Temple   | Entered the Ecumenical Temple
  2844 | D:4      | Reached skill level 5 in Armour
  3011 | D:4      | Found a bloodstained altar of Trog.
  3118 | D:4      | Reached skill level 6 in Maces & Flails
  3560 | D:5      | Entered Level 5 of the Dungeon
  3574 | D:5      | Reached XP level 7. HP: 60/60 MP: 6/6
  3590 | D:5      | Reached skill level 5 in Fighting
  3747 | D:5      | Reached skill level 7 in Maces & Flails
  4022 | D:5      | Reached skill level 8 in Maces & Flails
  4349 | D:6      | Reached XP level 8. HP: 44/70 MP: 7/7
  4537 | D:6      | Found an ornate altar of the Wu Jian Council.
  4539 | D:6      | Found a glowing silver altar of Zin.
  4761 | D:6      | Reached skill level 9 in Maces & Flails
  4889 | D:6      | Found an iron altar of Okawaru.
  4934 | D:6      | Became a worshipper of Warmaster Okawaru
  5408 | D:7      | Reached * piety under Okawaru
  5413 | D:7      | Noticed Maggie
  5417 | D:7      | Noticed Pikel
  5489 | D:7      | Killed Pikel
  5489 | D:7      | Reached skill level 10 in Maces & Flails
  5489 | D:7      | Reached XP level 9. HP: 29/79 MP: 8/8
  5498 | D:7      | Killed Maggie
  5498 | D:7      | Reached ** piety under Okawaru
  6106 | D:7      | Reached skill level 11 in Maces & Flails
  6169 | D:7      | Found a transporter.
  6172 | D:7      | Found a basalt altar of Yredelemnul.
  6175 | D:7      | Found a transporter.
  6206 | D:7      | Found an ancient bone altar of Kikubaaqudgha.
  6208 | D:7      | Noticed Menkaure
  6766 | D:8      | Found a blossoming altar of Fedhas.
  6766 | D:8      | Found a glowing golden altar of the Shining One.
  6949 | D:8      | Mangled by an ogre

Illustrated notes

Levels and vault maps discovered:
D:1:      minmay_arrival_hallway, layout_basic
D:2:      layout_rooms, marbit_many_paths, elyvilon_altar_5
D:3:      layout_rooms, overflow_temple_1_default, tgw_sif, uniq_ijyb,
          uniq_natasha, uniq_jessica
D:4:      layout_rooms, kennysheep_little_box, minmay_temple_entry_arrows,
          first_ration
D:5:      layout_basic, chequers_serial_rivers_micro_c
D:6:      layout_basic, kennysheep_mini_moat, grunt_temple_overflow_open
D:7:      layout_gridville, gammafunk_temple_of_torment, minmay_circle_x,
          uniq_pikel, uniq_menkaure, uniq_maggie
D:8:      layout_rooms, old_standard_altar, gammafunk_temple_overflow_wave,
          hangedman_pestilent_swarm, uniq_maurice, uniq_prince_ribbit1
Temple:   compressed_dpeg_triangle_lava_temple

Skill      XL: |  1  2  3  4  5  6  7  8  9 |
---------------+----------------------------+-----
Fighting       | 4 5 7 8 |  8.1
Armour         | 4 5 6 8 9 |  9.3
Shields        | 4 |  4.8
Maces & Flails | 3 4 5 6 8 10 11 | 11.6
Dodging        | 1 2 |  2.7

Action                   |  1- 3 |  4- 6 |  7- 9 || total
-------------------------+-------+-------+-------++-------
Melee: Flail             |    76 |   174 |   198 ||   448
       Headbutt          |    12 |    26 |    76 ||   114
       Whip              |       |       |   132 ||   132
Throw: Stone             |       |       |     1 ||     1
Invok: Heroism           |       |       |     2 ||     2
  Use: Scroll            |     6 |     4 |     7 ||    17
       Potion            |       |     1 |     2 ||     3
  Eat: Chunk             |       |     8 |    11 ||    19
Armor: Scale mail        |    36 |    25 |       ||    61
       Plate armour      |       |    97 |   182 ||   279
Dodge: Dodged            |    28 |    39 |    74 ||   141
Block: Kite shield       |    41 |    97 |   169 ||   307
